 Dungeon Crawl Stone Soup version 0.15-a0-1579-gd26fec2 (console) character file.

278 Money the Cleaver (level 6, -2/51 HPs)
             Began as a Hill Orc Fighter on June 19, 2014.
             Slain by a centaur (8 damage)
             ... on Level 6 of the Dungeon.
             The game lasted 00:06:28 (1484 turns).

Money the Cleaver (Hill Orc Fighter)                Turns: 1484, Time: 00:06:29

HP  -2/51        AC 10     Str 21      XL: 6   Next: 26%
MP   6/6         EV  8     Int  8      God:
Gold 205         SH  7     Dex 10      Spells:  0 memorised,  5 levels left

rFire  . . .     SeeInvis +     a - +0 war axe
rCold  . . .     Clarity  .     b - +0 scale mail
rNeg   . . .     rCorr    .     v - +1 buckler
rPois  .         rRot     .     (no helmet)
rElec  .         Spirit   .     (no cloak)
SustAb .         Warding  .     u - +0 pair of gloves
rMut   .         Stasis   .     (no boots)
Gourm  .                        (no amulet)
MR     .....                    (no ring)
                                q - ring of see invisible

@: not resistant to hostile enchantments, extremely unstealthy
A: large bone plates 1, deterioration 1, high mp 1
a: no special abilities


You were on level 6 of the Dungeon.
You were not hungry.

You visited 1 branch of the dungeon, and saw 6 of its levels.

You collected 205 gold pieces.

Inventory:

Hand weapons
 a - a +0 war axe (weapon)
Armour
 b - a +0 scale mail (worn)
 c - a +0 shield
 u - a +0 pair of gloves (worn)
 v - a +1 buckler (worn)
 x - a +0 ring mail
 y - a +0 pair of gloves
Magical devices
 l - a wand of slowing (12)
Comestibles
 d - 2 meat rations
 w - a bread ration
 z - 3 fruits
 D - a royal jelly
Scrolls
 f - a scroll of magic mapping {unknown}
 j - 2 scrolls of remove curse
 k - 2 scrolls of enchant weapon {unknown}
 m - a scroll of noise {unknown}
 n - 2 scrolls of identify {unknown}
 o - a scroll of amnesia {unknown}
 t - 2 scrolls of fog {unknown}
Jewellery
 q - a ring of see invisible (left hand)
 E - an uncursed amulet of faith
Potions
 e - a potion of might
 g - a potion of degeneration {unknown}
 h - a potion of heal wounds {unknown}
 i - a potion of confusion {unknown}
 r - a potion of mutation
 s - a potion of resistance {unknown}
 B - 2 potions of curing {unknown}
Books
 p - a book of Control

   Spells                             Type                      Level
   Control Teleport                   Charms/Translocation         4
   Control Undead                     Necromancy                   4
   Enslavement                        Hexes                        4
   Metabolic Englaciation             Hexes/Ice                    5
   Mass Confusion                     Hexes                        6
 A - a book of Dreams

   Spells                             Type                      Level
   Ensorcelled Hibernation            Hexes/Ice                    2
   Flight                             Charms/Air                   3
   Phase Shift                        Translocation                5
   Shadow Creatures                   Summoning                    5
   Mass Confusion                     Hexes                        6
   Darkness                           Hexes                        7
 C - a book of Minor Magic

   Spells                             Type                      Level
   Magic Dart                         Conjuration                  1
   Blink                              Translocation                2
   Call Imp                           Summoning                    2
   Repel Missiles                     Charms/Air                   2
   Slow                               Hexes                        2
   Conjure Flame                      Conjuration/Fire             3
   Mephitic Cloud                     Conjuration/Poison/Air       3


   Skills:
 - Level 3.6 Fighting
 + Level 8.4 Axes
 - Level 3.2 Armour
 - Level 3.2 Shields


You had 5 spell levels left.
You didn't know any spells.

Dungeon Overview and Level Annotations

Branches:
Dungeon (6/15)
 Temple: D:4-7

Altars:
Dithmenos
Elyvilon
Fedhas
Kikubaaqudgha
Qazlal
Zin


Innate Abilities, Weirdness & Mutations

You are partially covered in large bone plates (AC +2, SH +2).
Your body is slowly deteriorating.
You have an increased reservoir of magic (+10% MP).


Message History

The arrow closely misses you.
The centaur unwields an uncursed shortbow.
The centaur barely misses you.
Things that are here:
a club; a hobgoblin corpse You hit the centaur.
The centaur is lightly wounded.
The centaur hits you.
* * * LOW HITPOINT WARNING * * *
The centaur hits you but does no damage.
You barely miss the centaur.
The centaur is lightly wounded.
The centaur barely misses you.
The centaur hits you but does no damage.
Drink which item? (? for menu, Esc to quit)
You feel extremely strange.
Large bone plates grow over parts of your arms.
You feel yourself wasting away.
You feel more energetic.
It was a potion of mutation.
The centaur hits you!
You die...

# .###.############
........(........#
.###.##.###.....# #@#
#.....### # ........c#
#.......## ## .........
##....#..####.
#####....##...>.##.#....
#....##.....#....###
#....##........###
#......#.#...#.#####
#......#.....#.).#..
...................


You could see a centaur.

Vanquished Creatures
  A scorpion (D:6)
  A hound (D:6)
  3 worker ants
  An iguana (D:5)
  3 adders
  2 worms
  2 giant geckos
  2 orcs
  3 ball pythons
  A bat skeleton (D:5)
  4 goblins
  6 hobgoblins
  7 jackals
  2 oozes (D:3)
  6 bats
  4 giant cockroaches
  4 giant newts
  A goblin skeleton (D:4)
  5 kobolds
  A kobold skeleton (D:4)
  A kobold zombie (D:6)
  4 rats
  A rat zombie (D:6)
  A ballistomycete (D:6)
66 creatures vanquished.

Vanquished Creatures (others)
  A hobgoblin (D:6)
  A giant spore (D:6)
2 creatures vanquished.

Grand Total: 68 creatures vanquished

Notes
Turn   | Place    | Note
--------------------------------------------------------------
     0 | D:1      | Money, the Hill Orc Fighter, began the quest for the Orb.
     0 | D:1      | Reached XP level 1. HP: 19/19 MP: 1/1
   144 | D:1      | Reached XP level 2. HP: 15/26 MP: 2/2
   261 | D:2      | Reached skill level 4 in Axes
   453 | D:3      | Reached XP level 3. HP: 20/31 MP: 3/3
   550 | D:2      | Found a white marble altar of Elyvilon.
   615 | D:3      | Reached skill level 5 in Axes
   741 | D:4      | Found a blossoming altar of Fedhas.
   792 | D:4      | Found a stormy altar of Qazlal.
   800 | D:4      | Reached XP level 4. HP: 28/39 MP: 4/4
   884 | D:3      | Found a shadowy altar of Dithmenos.
   995 | D:4      | Found a glowing silver altar of Zin.
  1007 | D:4      | Reached skill level 6 in Axes
  1044 | D:5      | Entered Level 5 of the Dungeon
  1166 | D:5      | Reached XP level 5. HP: 42/45 MP: 5/5
  1294 | D:5      | Reached skill level 7 in Axes
  1360 | D:6      | Found an ancient bone altar of Kikubaaqudgha.
  1403 | D:6      | Reached skill level 8 in Axes
  1403 | D:6      | Reached XP level 6. HP: 29/51 MP: 6/6
  1477 | D:6      | Noticed a centaur
  1484 | D:6      | Gained mutation: You are partially covered in large bone plates (AC +2, SH +2). [potion of mutation]
  1484 | D:6      | Gained mutation: Your body is slowly deteriorating. [potion of mutation]
  1484 | D:6      | Gained mutation: You have an increased reservoir of magic (+10% MP). [potion of mutation]
  1484 | D:6      | Slain by a centaur

Action                   |  1- 3 |  4- 6 || total
-------------------------+-------+-------++-------
Melee: War axe           |   115 |   108 ||   223
Evoke: Wand              |     1 |       ||     1
  Use: Scroll            |       |     1 ||     1
       Potion            |       |     1 ||     1
